 Dungeon Crawl Stone Soup version 0.25-a0-23-gdc1bd94 (webtiles) character file.

Game seed: 605032931986995458, levelgen mode: deterministic

17406 Lianjan the Thaumaturge (level 12, -7/91 HPs)
             Began as a Gnoll Wizard on Oct 16, 2019.
             Was an Elder of Kikubaaqudgha.
             Hit by a javelin thrown by a minotaur (24 damage)
             ... in a Gauntlet.
             The game lasted 01:05:58 (18446 turns).

Lianjan the Thaumaturge (Gnoll Wizard)             Turns: 18446, Time: 01:05:58

Health: -7/91      AC: 15    Str: 10    XL:     12   Next: 47%
Magic:  9/26       EV: 17    Int: 25    God:    Kikubaaqudgha [****..]
Gold:   766        SH:  6    Dex: 14    Spells: 3/31 levels left

rFire    . . .     SeeInvis +   a - +2 morningstar (freeze)
rCold    + . .     Gourm    .   x - +0 buckler
rNeg     . . .     Faith    .   I - +0 steam dragon scales
rPois    .         Spirit   .   L - +1 helmet {SInv}
rElec    .         Reflect  .   S - +2 cloak {MR+}
rCorr    .         Harm     .   (no gloves)
MR       ++...     NoTele   +   E - +2 pair of boots {Fly}
Stlth    ++++......             (no amulet)
HPRegen  0.25/turn              Y - ring of protection from magic
MPRegen  0.20/turn              G - ring of protection from cold

@: flying
A: distributed training, fangs 1, strong nose
a: Receive Corpses, Renounce Religion, Stop Flying


You were in a Gauntlet.
You worshipped Kikubaaqudgha.
Kikubaaqudgha was greatly pleased with you.
You were not hungry.

You visited 2 branches of the dungeon, and saw 14 of its levels.
You also visited: Sewer and Gauntlet.

You collected 766 gold pieces.

Inventory:

Hand Weapons
 a - a +2 morningstar of freezing (weapon)
 b - a +0 hunting sling
 f - a +1 glaive of pain
Missiles
 e - 507 stones (quivered)
 h - 76 sling bullets
 n - 16 boomerangs
 B - 34 poisoned darts
 N - 8 curare-tipped darts
Armour
 r - a +1 hat
 x - a +0 buckler (worn)
 E - a +2 pair of boots of flying (worn)
 F - a scarf of resistance
 I - +0 steam dragon scales (worn)
 L - a +1 helmet of see invisible (worn)
 S - a +2 cloak of magic resistance (worn)
Jewellery
 c - an uncursed ring of ice
 G - a ring of protection from cold (right hand)
 Q - an uncursed ring of protection from magic
 R - an uncursed ring of protection from fire
 Y - a ring of protection from magic (left hand)
Wands
 g - a wand of acid (5)
 z - a wand of iceblast (7)
 U - a wand of flame (34)
 W - a wand of polymorph (8)
Scrolls
 j - 5 scrolls of amnesia
 k - 14 scrolls of teleportation
 t - a scroll of immolation
 u - a scroll of blinking
 w - 2 scrolls of magic mapping
 y - 5 scrolls of enchant weapon
 D - 4 scrolls of fear
 H - a scroll of identify
 T - a scroll of remove curse
Potions
 i - 3 potions of haste
 l - 2 potions of mutation
 m - a potion of cancellation
 o - 5 potions of brilliance
 p - a potion of might
 q - 8 potions of flight
 s - a potion of magic
 v - 2 potions of heal wounds
 C - a potion of agility
 J - 2 potions of lignification
 K - 5 potions of curing
 O - a potion of resistance
 P - a potion of ambrosia
Comestibles
 d - 18 rations


   Skills:
 + Level 7.2 Fighting
 + Level 7.2 Short Blades
 + Level 7.2 Long Blades
 + Level 7.2 Axes
 + Level 7.2 Maces & Flails
 + Level 7.2 Polearms
 + Level 7.2 Staves
 + Level 7.2 Slings
 + Level 7.2 Bows
 + Level 7.2 Crossbows
 + Level 7.2 Throwing
 + Level 7.2 Armour
 + Level 8.6 Dodging
 + Level 8.4 Stealth
 + Level 7.2 Shields
 + Level 7.2 Unarmed Combat
 + Level 10.1 Spellcasting
 + Level 6.4 Conjurations
 + Level 6.0 Hexes
 + Level 6.0 Charms
 + Level 6.4 Summonings
 + Level 6.0 Necromancy
 + Level 6.4 Translocations
 + Level 6.0 Transmutations
 + Level 6.0 Fire Magic
 + Level 6.0 Ice Magic
 + Level 6.0 Air Magic
 + Level 6.0 Earth Magic
 + Level 6.0 Poison Magic
 + Level 7.9 Invocations
 + Level 7.2 Evocations


You had 3 spell levels left.
You knew the following spells:

 Your Spells              Type           Power        Failure   Level  Hunger
a - Magic Dart            Conj           ####         1%          1    None
b - Call Imp              Summ           #####...     1%          2    None
c - Blink                 Tloc           N/A          1%          2    None
d - Mephitic Cloud        Conj/Pois/Air  #####...     1%          3    None
e - Conjure Flame         Conj/Fire      #####...     1%          3    None
f - Regeneration          Chrm/Necr      #####.....   1%          3    None
g - Corpse Rot            Necr           N/A          1%          2    None
h - Sublimation of Blood  Necr           #####.....   1%          2    None
i - Pain                  Necr           ####         1%          1    None
j - Animate Dead          Necr           N/A          4%          4    None
k - Bolt of Draining      Conj/Necr      #####.....   11%         5    ####...

Your spell library contained the following spells:

 Spells                   Type           Power        Failure   Level  Hunger
 Searing Ray              Conj           #####.       1%          2    None
 Slow                     Hex            #####...     1%          2    None
 Dazzling Spray           Conj/Hex       #####.       1%          3    None
 Force Lance              Conj/Tloc      #####...     3%          4    None
 Fulminant Prism          Conj/Hex       #####.....   3%          4    None
 Iskenderun's Mystic Bla  Conj           #####...     3%          4    None
 Dispel Undead            Necr           #####...     12%         5    ####...
 Excruciating Wounds      Chrm/Necr      #####.....   12%         5    ####...
 Simulacrum               Ice/Necr       #####.....   54%         6    #####..


Dungeon Overview and Level Annotations

Branches:
Dungeon (11/15)            Temple (0/1) D:4            Lair (3/6) D:10
 Shoals (0/4) Lair:3        Snake (0/4) Lair:3        Sewer (visited)
Gauntlet (1/1)
    Orc: D:9-12

Altars:
Cheibriados
Gozag
Kikubaaqudgha
Makhleb
Nemelex Xobeh
Okawaru
Qazlal
Sif Muna
Xom
Zin
The Shining One
Beogh

Annotations:
D:8 1 runed translucent door, Zdeegee's ghost, novice GnTm Gauntlet 7 transporters, exclusions: ice statue and obsidian statue


Innate Abilities, Weirdness & Mutations

Your experience applies equally to all skills.
You have very sharp teeth.
Your uncanny sense of smell can sniff out nearby items.


Message History

The minotaur headbutts your tarantella zombie!!
The minotaur is engulfed in noxious fumes.
Kikubaaqudgha delivers you corpses!
You feel somewhat more hungry.
Your tarantella zombie closely misses the minotaur.
The minotaur throws a javelin.
The javelin pierces through you!!
* * * LOW HITPOINT WARNING * * *
Your tarantella zombie bites the minotaur.
Your manticore zombie closely misses the minotaur.
Your manticore zombie claws the minotaur but does no damage.
Your manticore zombie closely misses the minotaur.
Casting: Mephitic Cloud (safe; 1% risk of failure)
Confirm with . or Enter, or press ? or * to list all spells.
You call on the dead to rise...
The dead are walking, flying and slithering!
The minotaur throws a javelin.
The javelin pierces through your crocodile zombie!!!
The javelin pierces through you!!
You die...
Kikubaaqudgha rasps: "You have failed me!
Welcome... death!"

#:.:# #8.8# ####=.)# ###8.#8.8#
#....#.H.# #.#..#8.8 #
#Z#Z.##'##..#.# #(@Z.HZZ......#
#.#Z##Z#.##.#.# #.#Z.°.#....#.#
###.#.#######.#.###
#.................
#.♣.♣.©.©.©.©.♣.♣.#
................. ## ### ###
################# ###
≈###≈###≈###≈###...........###≈##


You could see a minotaur, a friendly water moccasin zombie, a friendly anaconda
zombie, a friendly alligator zombie, a friendly crocodile zombie, a friendly
manticore zombie, a friendly rime drake zombie, a friendly tarantella zombie and
a friendly deep elf mage zombie.

Vanquished Creatures
  A catoblepas (Gauntlet)
  A centaur warrior (D:9)
  A two-headed ogre (D:10)
  A gargoyle (Gauntlet)
  2 komodo dragons
  2 rime drakes (Gauntlet)
  A polar bear (Lair:1)
  A troll (D:10)
  3 meliai (Gauntlet)
  12 blink frogs (Lair:1)
  4 hippogriffs
  A wraith (D:10)
  A wyvern (D:9)
  4 yaks
  A basilisk (Lair:1)
  A hog (D:7)
  A human (D:7)
  A steam dragon (D:7)
  3 water moccasins
  4 porcupines (Lair:1)
  A black bear (D:8)
  2 ice beasts
  4 orc warriors
  3 sky beasts
  3 ogres
  11 wolves
  9 centaurs
  4 crocodiles
  3 big kobolds
  6 bullfrogs
  3 scorpions
  2 wights (D:6)
  2 electric eels (D:10)
  A centaur zombie (D:8)
  3 crimson imps
  A quasit (D:8)
  A jelly (D:10)
  4 orc priests
  A centaur skeleton (D:4)
  9 hounds
  An iguana (D:9)
  A bullfrog skeleton (D:9)
  Jessica (D:2)
  Terence (D:2)
  9 orc wizards
  8 worker ants
  A killer bee zombie (D:5)
  4 gnolls
  15 adders
  A river rat (Sewer)
  2 shadow imps
  2 oozes
  An adder zombie (D:10)
  An adder skeleton (D:4)
  5 worms
  A dart slug (D:1)
  7 leopard geckos
  46 orcs
  6 bats
  5 giant cockroaches
  9 goblins
  6 hobgoblins
  4 quokkas
  5 ball pythons
  3 frilled lizards
  2 jackal skeletons (D:4)
  25 kobolds
  A leopard gecko skeleton (D:6)
  A quokka zombie (D:9)
  8 rats
301 creatures vanquished.

Vanquished Creatures (collateral kills)
  A hydra (Lair:2)
  Psyche (D:10)
  A komodo dragon (Lair:2)
  A gargoyle (Gauntlet)
  A polar bear (Lair:2)
  3 blink frogs (Lair:2)
  A hippogriff (Lair:2)
  A hog (D:7)
  A yak (Lair:2)
  A warg (Lair:2)
  2 water moccasins
  A sky beast (D:7)
  An ice beast (D:9)
  2 black bears
  An ogre (D:7)
  9 wolves
  A centaur (D:7)
  A big kobold (Sewer)
  2 bullfrogs
  A scorpion (D:7)
  A wight (D:6)
  3 hounds
  A jelly (D:6)
  3 orc wizards
  An orc priest (D:8)
  A worker ant (D:4)
  8 gnolls
  2 adders (D:5)
  3 worms
  19 orcs
  A bat (D:2)
  A kobold (Sewer)
  A plant (Lair:2)
78 creatures vanquished.

Vanquished Creatures (others)
  A human (D:3)
  2 plants (Lair:1)
3 creatures vanquished.

Grand Total: 382 creatures vanquished

Notes
Turn   | Place    | Note
-------+----------+-------------------------------------------
     0 | D:1      | Lianjan the Gnoll Wizard began the quest for the Orb.
     0 | D:1      | Reached XP level 1. HP: 13/13 MP: 8/8
   144 | D:1      | Reached XP level 2. HP: 19/19 MP: 1/10
   154 | D:1      | Learned a level 2 spell: Blink
   157 | D:1      | Learned a level 2 spell: Call Imp
   418 | D:1      | Reached XP level 3. HP: 25/25 MP: 5/11
   424 | D:1      | Learned a level 3 spell: Mephitic Cloud
   428 | D:1      | Learned a level 3 spell: Conjure Flame
   891 | D:2      | Reached skill level 1 in Invocations
  1049 | D:2      | Noticed Jessica
  1053 | D:2      | Killed Jessica
  1053 | D:2      | Reached skill level 1 in Fighting
  1053 | D:2      | Reached skill level 1 in Short Blades
  1053 | D:2      | Reached skill level 1 in Long Blades
  1053 | D:2      | Reached skill level 1 in Axes
  1053 | D:2      | Reached skill level 1 in Maces & Flails
  1053 | D:2      | Reached skill level 1 in Polearms
  1053 | D:2      | Reached skill level 1 in Staves
  1053 | D:2      | Reached skill level 1 in Slings
  1053 | D:2      | Reached skill level 1 in Bows
  1053 | D:2      | Reached skill level 1 in Crossbows
  1053 | D:2      | Reached skill level 1 in Throwing
  1053 | D:2      | Reached skill level 1 in Armour
  1053 | D:2      | Reached skill level 1 in Shields
  1053 | D:2      | Reached skill level 1 in Unarmed Combat
  1053 | D:2      | Reached skill level 1 in Evocations
  1053 | D:2      | Reached XP level 4. HP: 32/32 MP: 7/13
  1483 | D:2      | Reached skill level 1 in Hexes
  1483 | D:2      | Reached skill level 1 in Charms
  1483 | D:2      | Reached skill level 1 in Necromancy
  1483 | D:2      | Reached skill level 1 in Transmutations
  1483 | D:2      | Reached skill level 1 in Fire Magic
  1483 | D:2      | Reached skill level 1 in Ice Magic
  1483 | D:2      | Reached skill level 1 in Air Magic
  1483 | D:2      | Reached skill level 1 in Earth Magic
  1483 | D:2      | Reached skill level 1 in Poison Magic
  1516 | D:2      | Noticed Terence
  1908 | D:2      | Killed Terence
  2001 | D:2      | Found a stormy altar of Qazlal.
  2087 | D:2      | Reached XP level 5. HP: 37/37 MP: 3/14
  2226 | D:3      | Found a shimmering altar of Xom.
  2364 | D:3      | Found a glowing drain.
  2381 | Sewer    | Entered a sewer
  2898 | Sewer    | Noticed a big kobold
  2920 | Sewer    | Killed a big kobold
  2920 | Sewer    | Reached XP level 6. HP: 34/44 MP: 4/16
  3423 | D:3      | Found a sparkling altar of Nemelex Xobeh.
  3438 | D:3      | Reached skill level 5 in Dodging
  3566 | D:3      | Found an ancient bone altar of Kikubaaqudgha.
  3567 | D:3      | Noticed a human
  3569 | D:3      | Killed a human
  3812 | D:3      | Found an opulent altar of Gozag.
  3850 | D:3      | Became a worshipper of Kikubaaqudgha
  4574 | D:4      | Reached XP level 7. HP: 50/50 MP: 7/18
  4589 | D:4      | Found a staircase to the Ecumenical Temple.
  5274 | D:5      | Entered Level 5 of the Dungeon
  5354 | D:5      | Reached * piety under Kikubaaqudgha
  5354 | D:5      | Identified Kikubaaqudgha's Almanac of Necromancy
                  | (Kikubaaqudgha gifted it to you on level 5 of the Dungeon)
  5354 | D:5      | Received a gift from Kikubaaqudgha
  5378 | D:5      | Learned a level 3 spell: Regeneration
  5381 | D:5      | Learned a level 2 spell: Corpse Rot
  5384 | D:5      | Learned a level 2 spell: Sublimation of Blood
  5386 | D:5      | Learned a level 1 spell: Pain
  5964 | D:5      | Reached skill level 5 in Stealth
  6365 | D:5      | Reached XP level 8. HP: 26/57 MP: 1/19
  7096 | D:6      | Found a burning altar of Makhleb.
  7354 | D:6      | Reached ** piety under Kikubaaqudgha
  7815 | D:6      | Reached skill level 8 in Spellcasting
  7833 | D:6      | Found a shimmering blue altar of Sif Muna.
  8372 | D:7      | Reached XP level 9. HP: 10/65 MP: 12/21
  8830 | D:7      | Found a snail-covered altar of Cheibriados.
  9122 | D:7      | Found a glowing golden altar of the Shining One.
  9122 | D:7      | Found an iron altar of Okawaru.
  9357 | D:7      | Reached skill level 5 in Invocations
 10427 | D:7      | Reached XP level 10. HP: 73/73 MP: 16/22
 10903 | D:8      | Reached *** piety under Kikubaaqudgha
 10903 | D:8      | Identified Kikubaaqudgha's Papyrus of Stolen Souls
                  | (Kikubaaqudgha gifted it to you on level 8 of the Dungeon)
 10903 | D:8      | Received a gift from Kikubaaqudgha
 10916 | D:8      | Learned a level 4 spell: Animate Dead
 11021 | D:8      | Reached skill level 5 in Fighting
 11021 | D:8      | Reached skill level 5 in Short Blades
 11021 | D:8      | Reached skill level 5 in Long Blades
 11021 | D:8      | Reached skill level 5 in Axes
 11021 | D:8      | Reached skill level 5 in Maces & Flails
 11021 | D:8      | Reached skill level 5 in Polearms
 11021 | D:8      | Reached skill level 5 in Staves
 11021 | D:8      | Reached skill level 5 in Slings
 11021 | D:8      | Reached skill level 5 in Bows
 11021 | D:8      | Reached skill level 5 in Crossbows
 11021 | D:8      | Reached skill level 5 in Throwing
 11021 | D:8      | Reached skill level 5 in Armour
 11021 | D:8      | Reached skill level 5 in Shields
 11021 | D:8      | Reached skill level 5 in Unarmed Combat
 11021 | D:8      | Reached skill level 5 in Evocations
 11058 | D:8      | Found a roughly hewn altar of Beogh.
 11370 | D:8      | Noticed Zdeegee's ghost (novice GnTm)
 11373 | D:8      | Found a runed translucent door.
 11502 | D:8      | Found a glowing silver altar of Zin.
 11943 | D:9      | Reached skill level 9 in Spellcasting
 12157 | D:9      | Reached **** piety under Kikubaaqudgha
 12469 | D:9      | Found a runed translucent door.
 12769 | D:9      | Noticed a centaur warrior
 12940 | D:9      | Killed a centaur warrior
 12940 | D:9      | Reached skill level 5 in Conjurations
 12940 | D:9      | Reached skill level 5 in Summonings
 12940 | D:9      | Reached skill level 5 in Translocations
 13154 | D:9      | Identified a scroll of acquirement
 13241 | D:10     | Entered Level 10 of the Dungeon
 13316 | D:10     | Found an opulent altar of Gozag.
 13458 | D:10     | Found a staircase to the Lair.
 13665 | D:10     | Noticed Psyche
 13675 | D:10     | Killed Psyche
 13900 | D:10     | Reached XP level 11. HP: 28/81 MP: 22/24
 14241 | D:10     | Learned a level 5 spell: Bolt of Draining
 14399 | D:11     | Noticed a cyclops
 14421 | D:10     | Noticed a two-headed ogre
 14448 | D:10     | Killed a two-headed ogre
 14578 | Lair:1   | Entered Level 1 of the Lair of Beasts
 14683 | Lair:1   | Reached skill level 5 in Hexes
 14683 | Lair:1   | Reached skill level 5 in Charms
 14683 | Lair:1   | Reached skill level 5 in Necromancy
 14683 | Lair:1   | Reached skill level 5 in Transmutations
 14683 | Lair:1   | Reached skill level 5 in Fire Magic
 14683 | Lair:1   | Reached skill level 5 in Ice Magic
 14683 | Lair:1   | Reached skill level 5 in Air Magic
 14683 | Lair:1   | Reached skill level 5 in Earth Magic
 14683 | Lair:1   | Reached skill level 5 in Poison Magic
 15608 | Lair:1   | Found a snail-covered altar of Cheibriados.
 16765 | Lair:2   | Noticed a seven-headed hydra
 16770 | Lair:2   | Killed a seven-headed hydra
 16770 | Lair:2   | Reached XP level 12. HP: 85/89 MP: 8/25
 16880 | Lair:2   | Reached skill level 10 in Spellcasting
 17076 | Lair:2   | Reached ***** piety under Kikubaaqudgha
 17392 | Lair:3   | Found the +15 Maxwell's patent armour {-Cast -Tele rElec
                  | MR+ rCorr}
 17401 | Lair:3   | Found a gate leading to a gauntlet.
 17423 | Gauntlet | Entered a Gauntlet
 17423 | Gauntlet | Found a transporter.
 17423 | Gauntlet | Noticed a catoblepas
 17429 | Gauntlet | Found a transporter.
 17429 | Gauntlet | Found a transporter.
 17440 | Gauntlet | Found a transporter.
 17451 | Gauntlet | Found a transporter.
 17467 | Gauntlet | Noticed a death ooze
 17470 | Gauntlet | Found a transporter.
 17480 | Gauntlet | Found a transporter.
 17488 | Gauntlet | Found a runed translucent gate.
 17488 | Gauntlet | Found a runed translucent gate.
 17489 | Gauntlet | Found a runed translucent gate.
 17490 | Gauntlet | Found a transporter.
 17512 | Gauntlet | Found a transporter.
 17525 | Gauntlet | Found a transporter.
 17525 | Gauntlet | Found a transporter.
 17532 | Gauntlet | Found a runed translucent door.
 17578 | Gauntlet | Found a transporter.
 17592 | Gauntlet | Found a transporter.
 17754 | Gauntlet | Noticed a shock serpent
 17754 | Gauntlet | a dream sheep changed into a shock serpent
 17756 | Gauntlet | a shock serpent changed into a swamp dragon
 17834 | Gauntlet | Killed a catoblepas
 18432 | Gauntlet | Identified the +7 trident "Luba" {pain, rElec rC+ rN+}
 18432 | Gauntlet | Noticed a minotaur
 18446 | Gauntlet | Hit by a javelin thrown by a minotaur

Levels and vault maps discovered:
D:1:      dpeg_arrival_refuge, layout_loops_ring
D:2:      layout_rooms, grunt_qazlal_clouds, uniq_jessica, uniq_terence
D:3:      layout_basic, grunt_temple_overflow_opulence, old_standard_altar,
          cheibrodos_sewer_entry_bend, tgw_kikubaaqudgha
D:4:      layout_cave_pods, minmay_temple_entry_statues_pillars, feat_on_display
D:5:      layout_gridville, first_ration
D:6:      layout_gridville, kennysheep_mini_moat, overflow_temple_1_default
D:7:      layout_basic, amethyst_overflow_temple_binary, slow_altar_1,
          grunt_livestock
D:8:      layout_basic, zin_statuary, special_room [special_room_orc],
          hellmonk_ghost_happy_afterlife
D:9:      layout_long_grid, minmay_misc_feat_ornament, wad_hexagon
D:10:     layout_roguey, erik_lair_island, serial_aquarium,
          aquarium_bridge_square [aquarium_subvault_bridge,
          aquarium_subvault_bridge, aquarium_subvault_wall,
          aquarium_subvault_bridge], aquarium_window_1, aquarium_window_2,
          aquarium_window_fake, aquarium_window_1, aquarium_view_2d,
          aquarium_view_2d, grunt_gozag_statues, uniq_psyche
D:11:     layout_big_octagon, orc_0_dummy, minivault_25_ag, minivault_14,
          uniq_erolcha
Lair:1:   layout_loops_ring, basic_altar, eino_small_chamber_without_monster,
          minmay_stone_trees_small, minmay_shattered_shrine
Lair:2:   beast_lair_carwin_large_4, layout_hall_layers
Lair:3:   layout_gridlike, elwin_shoals_entry_stream,
          minmay_snake_entry_spellcaster, gauntlet_entry_generic, uniq_snorg
Gauntlet: minmay_gauntlet_77_tree [minmay_gauntlet_arena_77_path,
          minmay_gauntlet_arena_77_double_cross, minmay_gauntlet_arena_77_mess,
          minmay_gauntlet_arena_77_box, minmay_gauntlet_arena_77_two_paths,
          minmay_gauntlet_arena_77_run_for_it, minmay_gauntlet_arena_77_mirror,
          nicolae_gauntlet_exit_dead_adventurers]

Skill      XL: |  1  2  3  4  5  6  7  8  9 10 11 12 |
---------------+-------------------------------------+-----
Conjurations   | 2 3 4 5 6 |  6.4
Summonings     | 2 3 4 5 6 |  6.4
Translocations | 2 3 4 5 6 |  6.4
Invocations    | 1 2 3 4 5 6 7 |  7.9
Fighting       | 1 2 3 4 5 6 7 |  7.2
Short Blades   | 1 2 3 4 5 6 7 |  7.2
Long Blades    | 1 2 3 4 5 6 7 |  7.2
Axes           | 1 2 3 4 5 6 7 |  7.2
Maces & Flails | 1 2 3 4 5 6 7 |  7.2
Polearms       | 1 2 3 4 5 6 7 |  7.2
Staves         | 1 2 3 4 5 6 7 |  7.2
Slings         | 1 2 3 4 5 6 7 |  7.2
Bows           | 1 2 3 4 5 6 7 |  7.2
Crossbows      | 1 2 3 4 5 6 7 |  7.2
Throwing       | 1 2 3 4 5 6 7 |  7.2
Armour         | 1 2 3 4 5 6 7 |  7.2
Shields        | 1 2 3 4 5 6 7 |  7.2
Unarmed Combat | 1 2 3 4 5 6 7 |  7.2
Evocations     | 1 2 3 4 5 6 7 |  7.2
Hexes          | 1 2 3 4 5 6 |  6.0
Charms         | 1 2 3 4 5 6 |  6.0
Necromancy     | 1 2 3 4 5 6 |  6.0
Transmutations | 1 2 3 4 5 6 |  6.0
Fire Magic     | 1 2 3 4 5 6 |  6.0
Ice Magic      | 1 2 3 4 5 6 |  6.0
Air Magic      | 1 2 3 4 5 6 |  6.0
Earth Magic    | 1 2 3 4 5 6 |  6.0
Poison Magic   | 1 2 3 4 5 6 |  6.0
Dodging        | 5 6 7 8 |  8.6
Stealth        | 5 6 7 8 |  8.4
Spellcasting   | 8 9 10 | 10.1

Action                   |  1- 3 |  4- 6 |  7- 9 | 10-12 || total
-------------------------+-------+-------+-------+-------++-------
Melee: Unarmed           |       |    27 |       |       ||    27
       Bite              |       |     1 |    19 |    40 ||    60
       Mace              |       |       |    46 |       ||    46
       Morningstar       |       |       |   126 |   488 ||   614
       Punch             |       |       |     1 |       ||     1
 Fire: Hunting sling     |       |    19 |    27 |    47 ||    93
 Cast: Magic Dart        |    68 |   213 |   115 |    65 ||   461
       Call Imp          |     1 |    18 |    57 |    15 ||    91
       Blink             |       |     7 |     8 |    10 ||    25
       Mephitic Cloud    |       |    10 |    20 |    28 ||    58
       Pain              |       |       |    20 |    18 ||    38
       Conjure Flame     |       |       |     4 |    16 ||    20
       Regeneration      |       |       |     3 |     3 ||     6
       Animate Dead      |       |       |       |    17 ||    17
       Corpse Rot        |       |       |       |     2 ||     2
       Bolt of Draining  |       |       |       |    13 ||    13
       Sublimation of Bl |       |       |       |     4 ||     4
Invok: Receive Corpses   |       |       |       |    10 ||    10
Evoke: Wand              |       |     1 |       |     3 ||     4
  Use: Scroll            |       |    13 |    11 |     8 ||    32
       Potion            |       |     1 |       |       ||     1
 Stab: Confused          |       |     1 |     6 |     8 ||    15
       Sleeping          |       |       |     4 |     8 ||    12
       Distracted        |       |       |     2 |     3 ||     5
  Eat: Chunk             |       |    11 |    18 |    21 ||    50
       Ration            |       |       |       |     4 ||     4
Armor: Robe              |       |    14 |    26 |       ||    40
       Steam dragon scal |       |       |    33 |   142 ||   175
Dodge: Dodged            |     2 |    58 |   161 |   421 ||   642
Block: Buckler           |       |       |       |   164 ||   164

Table legend:
 A = Non-vault XP
 B = Vault XP
 C = Vault XP percentage of total XP
 D = Non-vault monster count
 E = Vault monster count
 F = Vault count percentage of total count
                 A         B        C        D         E       F
            +---------+---------+-------+---------+---------+-------
      Total |   15447 |    9419 |  37.9 |     273 |     105 |  27.8
            +---------+---------+-------+---------+---------+-------
        D:1 |      39 |       0 |   0.0 |      19 |       0 |   0.0
        D:2 |      74 |      60 |  44.8 |      22 |       2 |   8.3
        D:3 |     156 |       5 |   3.1 |      29 |       1 |   3.3
        D:4 |     281 |       0 |   0.0 |      21 |       0 |   0.0
        D:5 |     529 |       0 |   0.0 |      29 |       0 |   0.0
        D:6 |     660 |       0 |   0.0 |      22 |       0 |   0.0
        D:7 |    1586 |     841 |  34.7 |      20 |       6 |  23.1
        D:8 |    1061 |     356 |  25.1 |      24 |      26 |  52.0
        D:9 |    1330 |     991 |  42.7 |      31 |       4 |  11.4
       D:10 |    1471 |    1311 |  47.1 |      14 |      10 |  41.7
       D:11 |     158 |       0 |   0.0 |       2 |       0 |   0.0
     Lair:1 |    4467 |    1604 |  26.4 |      22 |       8 |  26.7
     Lair:2 |    3635 |    1044 |  22.3 |      18 |      16 |  47.1
      Sewer |       0 |     140 | 100.0 |       0 |      24 | 100.0
   Gauntlet |       0 |    3067 | 100.0 |       0 |       8 | 100.0
            +---------+---------+-------+---------+---------+-------
